 Dungeon Crawl Stone Soup version 0.27-a0-1090-gb115f176c6 (webtiles) character file.

Game seed: 6648479434812475402

8 karrick the Magician (level 2, 0/21 HPs)
             Began as a Djinni Fire Elementalist on Apr 27, 2021.
             Slain by a quokka (1 damage)
             ... on level 1 of the Dungeon.
             The game lasted 00:00:50 (391 turns).

karrick the Magician (Djinni Fire Elementalist)      Turns: 391, Time: 00:00:51

Health: 0/21       AC:  2    Str:  7    XL:     2   Next: 8%
Gold:   20         EV: 12    Int: 16    God:
                   SH:  0    Dex: 13

rFire    + + .     SeeInvis .   c - +0 dagger
rCold    x . .     Faith    .   (no shield)
rNeg     . . .     Spirit   .   a - +0 robe
rPois    ∞         Reflect  .   (no helmet)
rElec    .         Harm     .   (no cloak)
rCorr    .         Rampage  .   (no gloves)
Will     .....                  (boots unavailable)
Stlth    ++........             (no amulet)
HPRegen  0.07/turn              (no ring)
MPRegen  0.00/turn              (no ring)

@: flying
A: fire resistance 2, cold vulnerability 1, float, innate caster, hp casting,
extra vitality 1
a: no special abilities


You were on level 1 of the Dungeon.
You visited 1 branch of the dungeon, and saw 1 of its levels.

You collected 20 gold pieces.

Inventory:

Hand Weapons
 c - a +0 dagger (weapon)
Armour
 a - a +0 robe (worn)
Potions
 b - a potion of might {unknown}


   Skills:
 + Level 2.3 Dodging
 + Level 1.6 Stealth
 + Level 3.0 Spellcasting


You couldn't memorise any spells.
You knew the following spells:

 Your Spells              Type           Power      Damage    Failure   Level
a - Foxfire               Conj/Fire      48%        2x1d6     5%          1
b - Conjure Flame         Conj/Fire      12%        6-21      16%         3
c - Inner Flame           Hex/Fire       12%        N/A       16%         3
d - Sticky Flame          Conj/Fire      12%        2d4       45%         4
e - Fireball              Conj/Fire      6%         3d5       82%         5
Your spell library was empty.

Dungeon Overview and Level Annotations

Branches:
Dungeon (1/15)

Altars:


Innate Abilities, Weirdness & Mutations

You are immune to poison.
Your flesh is very heat resistant. (rF++)
You are vulnerable to cold. (rC-)
You float through the air rather than walking.
You learn spells naturally, not from books.
Your magical power is your life essence.
You have superior vitality. (+4 HP)


Message History

You conjure some foxfire!
The foxfire hits the bat.
You kill the bat!
A quokka comes into view.
A quokka is nearby!
Casting: Foxfire (safe; 5% risk of failure)
Confirm with . or Enter, or press ? or * to list all spells.
You conjure some foxfire!
The foxfire hits the quokka but does no damage.
You closely miss the quokka. You barely miss the quokka.
The quokka barely misses you.
You barely miss the quokka. The quokka bites you.
The quokka closely misses you.
You miss the quokka. The quokka closely misses you.
Casting: Foxfire (safe; 5% risk of failure)
Confirm with . or Enter, or press ? or * to list all spells.
You conjure some foxfire!
The quokka bites you.
You hit the quokka but do no damage.
The foxfire hits the quokka but does no damage.
The quokka bites you. x2
* * * LOW HITPOINT WARNING * * *
Casting: Foxfire (safe; 5% risk of failure)
Confirm with . or Enter, or press ? or * to list all spells.
You conjure some foxfire!
* * * LOW HITPOINT WARNING * * *
The quokka bites you.
* * * LOW HITPOINT WARNING * * *
Your foxfire dissipates!
The quokka completely misses you. The quokka misses you. The quokka bites you.
* * * LOW HITPOINT WARNING * * *
The quokka closely misses you. The quokka closely misses you.
The quokka bites you but does no damage.
Casting: Foxfire (safe; 5% risk of failure)
Confirm with . or Enter, or press ? or * to list all spells.
You conjure some foxfire!
* * * LOW HITPOINT WARNING * * *
The quokka bites you.
You die...

#...............######
#.###†#.##.##.#.......
####.###)†....##.########
........##.......#
..##.##.##.#######
###.##...#...#
#.......###..#
#.#......#.#.#
#####.#v@#.# #..vr..#
####.### #..# #.## ###.#
#...# # #.### # #.#


You could see a quokka (ally target).

Vanquished Creatures
  A bat (D:1)
  3 goblins (D:1)
  A hobgoblin (D:1)
  A frilled lizard (D:1)
  A rat (D:1)
7 creatures vanquished.

Vanquished Creatures (others)
  23 foxfires (D:1)
23 creatures vanquished.

Grand Total: 30 creatures vanquished

Notes
Turn   | Place    | Note
-------+----------+-------------------------------------------
     0 | D:1      | karrick the Djinni Fire Elementalist began the quest for
                  | the Orb.
     0 | D:1      | Reached XP level 1. HP: 15/15 MP: 0/0
   200 | D:1      | Reached skill level 3 in Spellcasting
   200 | D:1      | Reached XP level 2. HP: 15/21 MP: 0/0
   375 | D:1      | HP: 1/21 [quokka (2)]
   391 | D:1      | Slain by a quokka

Illustrated notes

Levels and vault maps discovered:
D:1:      amcnicky_arrival_wind_blow, layout_loops_cross, serial_shops, shop,
          minmay_tripent

Skill      XL: |  1 |
---------------+----+-----
Spellcasting   | 3 |  3.0
Dodging        | |  2.3
Stealth        | |  1.6

Action                   || total
-------------------------++-------
Melee: Dagger            ||     5
 Cast: Foxfire           ||    18
Armor: Robe              ||     1
Dodge: Dodged            ||     7

Table legend: (Time is in decaauts)
 A = Elapsed time spent in this place.
 B = Non-inter-level travel time spent in this place.
 C = Inter-level travel time spent in this place.
 D = Time resting spent in this place.
 E = Time spent auto-exploring this place.
 F = Levels seen in this place.
 G = Mean time per level.
                   A        B        C        D        E       F      G
               +--------+--------+--------+--------+--------+-----+--------+
         Total |    390 |    390 |      0 |      0 |    318 |   1 |  390.0 |
       Dungeon |    390 |    390 |      0 |      0 |    318 |   1 |  390.0 |
               +--------+--------+--------+--------+--------+-----+--------+

Top non-repeatable levels by time:
     D:1: 390 daAuts
